 Dungeon Crawl Stone Soup version 0.31-a0-1099-g7fa767f3fe (webtiles) character file.

Game seed: 14752954693874435342

84 Gargoyl the Trooper (level 4, 0/45 HPs)
             Began as a Gargoyle Berserker on Dec 1, 2023.
             Was a Believer of Trog.
             Engulfed by a steam dragon's steam (2 damage)
             ... on level 3 of the Dungeon.
             The game lasted 00:02:55 (2167 turns).

Gargoyl the Trooper (Gargoyle Berserker)            Turns: 2167, Time: 00:02:56

Health: 0/45       AC: 11    Str: 21    XL:     4   Next: 46%
Magic:  4/4        EV: 10    Int:  7    God:    Trog [**....]
Gold:   80         SH:  0    Dex: 11    Spells: 3/3 levels left

rFire   . . .        a - +0 hand axe
rCold   . . .        (no shield)
rNeg    + . .        d - +0 scale mail
rPois   ∞            c - +0 helmet
rElec   +            (no cloak)
rCorr   .            (no gloves)
SInv    .            (no boots)
Will    .....        (no amulet) Stlth
                     (no ring)
HPRegen 0.27/turn    (no ring)
MPRegen 0.09/turn

%: no passive effects
@: berserking (expiring), very quick
A: sickness immunity, AC +3, negative energy resistance 1, electricity
resistance, torment resistance 1, petrification resistance
a: Renounce Religion, Berserk, Trog's Hand


You were on level 3 of the Dungeon.
You worshipped Trog.
Trog was pleased with you.
You visited 1 branch of the dungeon, and saw 3 of its levels.

You collected 80 gold pieces.

Inventory:

Hand Weapons
 a - a +0 hand axe (weapon)
Armour
 c - a +0 helmet (worn)
 d - a +0 scale mail (worn)
Scrolls
 g - a scroll of revelation
Potions
 b - a potion of mutation {unknown}
 h - a potion of heal wounds {unknown}


   Skills:
 + Level 4.4 Fighting
 + Level 0.4 Short Blades
 + Level 3.3 Axes
 + Level 2.5 Armour
 + Level 1.9 Dodging
 + Level 0.2 Stealth


You had 3 spell levels left.
You didn't know any spells.
Your spell library was empty.

Dungeon Overview and Level Annotations

Branches:
Dungeon (3/15)

Altars:
Fedhas


Innate Abilities, Weirdness & Mutations

You are immune to sickness and miasma.
Your stone body is resilient. (AC +3)
You are immune to poison.
You resist negative energy. (rN+)
You are resistant to electric shocks. (rElec)
You are resistant to unholy torment.
You are immune to petrification.


Message History

The steam dragon claws you but does no damage.
You barely miss the steam dragon.
The steam dragon is lightly wounded.
You are engulfed in a cloud of scalding steam.
You slash the steam dragon!
The steam dragon is moderately wounded.
The steam dragon bites you but does no damage.
The steam dragon closely misses you.
You hit the steam dragon.
The steam dragon is heavily wounded.
The steam dragon bites you but does no damage.
The steam dragon claws you but does no damage.
You closely miss the steam dragon.
The steam dragon is heavily wounded.
The steam dragon bites you but does no damage.
The steam dragon claws you but does no damage.
You closely miss the steam dragon.
The steam dragon is heavily wounded.
You closely miss the steam dragon.
The steam dragon is heavily wounded.
The steam dragon bites you. The steam dragon claws you.
You barely miss the steam dragon.
The steam dragon is heavily wounded.
The steam dragon bites you but does no damage.
The steam dragon claws you but does no damage.
You closely miss the steam dragon.
The steam dragon is heavily wounded.
The steam dragon barely misses you. x2
You hit the steam dragon.
The steam dragon is severely wounded.
You hit the steam dragon.
The steam dragon is severely wounded.
The steam dragon breathes steam at you. The ball of steam hits you!!
Ouch! That really hurt!
* * * LOW HITPOINT WARNING * * *
You closely miss the steam dragon.
The steam dragon is severely wounded.
You are engulfed in a cloud of scalding steam.
You die...

##############
...>..D@§.§..#
########§§§.##
######
#####...####
......###.....###
##......#####
.##..##.###
.)....#.###
###### .
#.....######
#....# #
####.......#
#....#


You could see a steam dragon (catching breath).

Vanquished Creatures
  3 adders
  5 orcs (D:3)
  6 endoplasms
  2 giant cockroaches
  2 goblins
  3 hobgoblins
  3 jackals (D:2)
  2 quokkas (D:2)
  8 ball pythons
  3 bats (D:1)
  4 frilled lizards
  5 kobolds
  5 rats
51 creatures vanquished.

Notes
Turn   | Place    | Note
-------+----------+-------------------------------------------
     0 | D:1      | Gargoyl the Gargoyle Berserker began the quest for the Orb.
     0 | D:1      | Reached XP level 1. HP: 14/14 MP: 1/1
   309 | D:1      | Reached XP level 2. HP: 19/19 MP: 2/2
   693 | D:1      | Found a faded altar of an unknown god.
   907 | D:2      | Reached XP level 3. HP: 24/24 MP: 3/3
  1055 | D:2      | Reached skill level 4 in Fighting
  1341 | D:2      | Reached ** piety under Trog
  1936 | D:3      | Reached XP level 4. HP: 29/29 MP: 4/4
  1994 | D:3      | Found a blossoming altar of Fedhas.
  2153 | D:3      | Noticed a steam dragon
  2166 | D:3      | HP: 2/45 [steam dragon/ball of steam (23)]
  2167 | D:3      | Engulfed by a steam dragon's steam

Illustrated notes

Levels and vault maps discovered:
D:1:      dpeg_arrival_yet_another_circle, layout_basic,
          hellmonk_ecumenical_altar_slurped_away, kennysheep_pointless_box
D:2:      layout_basic, serial_rivers, chequers_serial_rivers_small_3,
          chequers_serial_rivers_marsh, chequers_serial_rivers_small_3,
          chequers_serial_rivers_micro_d, minmay_shallow_snake_nest
D:3:      layout_rooms, mainiacjoe_overflow_24_doors

Skill      XL: |  1  2  3 |
---------------+----------+-----
Axes           | 3 |  3.3
Fighting       | 4 |  4.4
Short Blades   | |  0.4
Armour         | |  2.5
Dodging        | |  1.9
Stealth        | |  0.2

Action                     |  1- 3 |  4- 6 || total
---------------------------+-------+-------++-------
  Melee: Hand axe          |    63 |    48 ||   111
         Short sword       |    58 |       ||    58
 Invoke: Berserk           |     2 |     1 ||     3
         Trog's Hand       |     1 |       ||     1
    Use: Scroll            |     5 |       ||     5
   Stab: Sleeping          |     1 |       ||     1
 Armour: Animal skin       |    39 |       ||    39
         Scale mail        |    34 |    51 ||    85
  Dodge: Dodged            |    82 |    18 ||   100

Table legend: (Time is in decaauts)
 A = Elapsed time spent in this place.
 B = Non-inter-level travel time spent in this place.
 C = Inter-level travel time spent in this place.
 D = Time resting spent in this place.
 E = Time spent auto-exploring this place.
 F = Levels seen in this place.
 G = Mean time per level.
                   A        B        C        D        E       F      G
               +--------+--------+--------+--------+--------+-----+--------+
         Total |   2200 |   2087 |    113 |      0 |   1594 |   3 |  733.3 |
       Dungeon |   2200 |   2087 |    113 |      0 |   1594 |   3 |  733.3 |
               +--------+--------+--------+--------+--------+-----+--------+

Top non-repeatable levels by time:
     D:2: 983 daAuts
     D:1: 965 daAuts
     D:3: 250 daAuts
